 Dungeon Crawl Stone Soup version 0.27.1-2-g3b301248ec (webtiles) character file.

Game seed: 13282799296235736365

274 pkoi the Slasher (level 6, 0/51 HPs)
             Began as a Minotaur Gladiator on Sept 26, 2021.
             Was an Initiate of Qazlal.
             Succumbed to a water moccasin's poison
             ... on level 4 of the Dungeon.
             The game lasted 00:04:46 (3644 turns).

pkoi the Slasher (Minotaur Gladiator)               Turns: 3644, Time: 00:04:47

Health: 0/51       AC:  9    Str: 20 (21) XL:     6   Next: 3%
Magic:  5/5        EV:  8    Int:  4 (5)  God:    Qazlal [......]
Gold:   28         SH:  0    Dex: 11      Spells: 5/5 levels left

rFire    . . .     SeeInvis .   a - +1 long sword
rCold    . . .     Faith    .   (no shield)
rNeg     . . .     Spirit   .   m - +0 chain mail
rPois    .         Reflect  .   c - +1 hat
rElec    .         Harm     .   (no cloak)
rCorr    +         Rampage  .   (no gloves)
Will     .....                  (no boots)
Stlth    ..........             (no amulet)
HPRegen  0.17/turn              l - ring of resist corrosion
MPRegen  0.09/turn              (no ring)

@: lethally poisoned (0 -> -23)
A: horns 2, retaliatory headbutt
a: Renounce Religion


You were on level 4 of the Dungeon.
You worshipped Qazlal.
Qazlal was noncommittal.
You visited 1 branch of the dungeon, and saw 4 of its levels.

You collected 98 gold pieces.
You spent 70 gold pieces at shops.

Inventory:

Hand Weapons
 a - a +1 long sword (weapon)
Missiles
 d - 2 throwing nets (quivered)
 e - 4 poisoned darts
Armour
 c - a +1 hat (worn)
 m - a +0 chain mail (worn)
Jewellery
 l - a ring of resist corrosion (left hand)
Scrolls
 b - a scroll of identify
 h - a scroll of magic mapping
 o - 2 scrolls of enchant armour
Potions
 g - 2 potions of curing
 i - 2 potions of heal wounds
 j - a potion of flight


   Skills:
 + Level 3.1 Fighting
 * Level 7.5 Long Blades
 - Level 2.0 Throwing
 + Level 1.6 Armour
 - Level 3.3 Dodging
 * Level 0.8 Invocations


You had 5 spell levels left.
You didn't know any spells.
Your spell library contained the following spells:

 Spells                   Type           Power      Damage    Failure   Level
 Freeze                   Ice            0%         1d3       100%        1
 Magic Dart               Conj           0%         1d3       100%        1
 Call Imp                 Summ           0%         N/A       100%        2
 Frozen Ramparts          Ice            0%         1d2       100%        3
 Mephitic Cloud           Conj/Pois/Air  0%         N/A       100%        3
 Hailstorm                Conj/Ice       0%         3d3       100%        4


Dungeon Overview and Level Annotations

Branches:
Dungeon (4/15)
 Temple: D:4-7

Altars:
Qazlal

Shops:
D:3 (   D:4 ?[:!


Innate Abilities, Weirdness & Mutations

You have a pair of horns on your head.
You reflexively headbutt those who attack you in melee.


Message History

You closely miss the water moccasin.
Your headbutt misses the water moccasin.
The water moccasin is lightly wounded.
You feel sick. The water moccasin closely misses you.
The water moccasin bites you.
You are more poisoned.
The water moccasin poisons you!
You hit the water moccasin.
The water moccasin is moderately wounded.
You feel very sick. The water moccasin bites you!
* * * LOW HITPOINT WARNING * * *
Unknown command.
You hit the water moccasin.
Your headbutt misses the water moccasin.
The water moccasin is heavily wounded.
* * * LOW HITPOINT WARNING * * *
You feel very sick.
The water moccasin bites you but does no damage.
The water moccasin bites you.
* * * LOW HITPOINT WARNING * * *
You miss the water moccasin.
The water moccasin is heavily wounded.
* * * LOW HITPOINT WARNING * * *
You feel very sick. The water moccasin bites you.
* * * LOW HITPOINT WARNING * * *
You are lethally poisoned!
The water moccasin poisons you!
You closely miss the water moccasin.
Your headbutt misses the water moccasin.
The water moccasin is heavily wounded.
* * * LOW HITPOINT WARNING * * *
You feel very sick.
The water moccasin bites you but does no damage.
The water moccasin barely misses you.
You closely miss the water moccasin.
Your headbutt misses the water moccasin.
The water moccasin is heavily wounded.
You die...

#. ..............#
#..##.............
#..##.♣.♣.♣.♣.....
#......∩.⌠.∩......
##...#.♣.♣.♣.♣.....
#:......⌠...⌠...### ..
#.....♣.♣.♣.♣....)
..##......∩.⌠.∩..####
.##.##.##@..#.♣.♣.♣.♣.#
... ..##.S...........#
#######
#.##.##.######...#..+
#<....#
#....##..........#..+
#####.#
#................#..# #.#
##.......(....#..#..# #.#
#............#..#..#
#.#####............#..#..#
#.##..........######..#..#


You could see a water moccasin.

Vanquished Creatures
  A water moccasin skeleton (D:4)
  A bullfrog zombie (D:3)
  A jelly (D:4)
  An iguana (D:4)
  A hound zombie (D:4)
  4 adders
  An adder skeleton (D:4)
  4 dart slugs
  4 orcs
  7 endoplasms
  5 giant cockroaches
  4 goblins
  3 hobgoblins
  2 jackals (D:1)
  8 kobolds
  2 quokkas
  10 ball pythons
  6 bats
  2 frilled lizards (D:1)
  14 rats
81 creatures vanquished.

Vanquished Creatures (others)
  7 plants (D:3)
7 creatures vanquished.

Grand Total: 88 creatures vanquished

Notes
Turn   | Place    | Note
-------+----------+-------------------------------------------
     0 | D:1      | pkoi the Minotaur Gladiator began the quest for the Orb.
     0 | D:1      | Reached XP level 1. HP: 18/18 MP: 0/0
    90 | D:1      | Reached skill level 4 in Long Blades
   344 | D:1      | Reached XP level 2. HP: 25/25 MP: 1/1
   440 | D:1      | Found a faded altar of an unknown god.
   509 | D:1      | Reached skill level 5 in Long Blades
   699 | D:1      | Reached XP level 3. HP: 28/30 MP: 2/2
  2055 | D:3      | Reached skill level 6 in Long Blades
  2055 | D:3      | Reached XP level 4. HP: 23/37 MP: 3/3
  2103 | D:3      | HP: 1/37 [poisoned by an adder]
  2655 | D:3      | Reached XP level 5. HP: 42/42 MP: 4/4
  2810 | D:3      | Found Dako's Weapon Shop.
  3018 | D:3      | Reached skill level 7 in Long Blades
  3168 | D:4      | Reached skill level 1 in Armour
  3213 | D:4      | Found a stormy altar of Qazlal.
  3227 | D:4      | Became a worshipper of Qazlal Stormbringer
  3479 | D:4      | Found Kulli's Distillery.
  3479 | D:4      | Found Hatsueh's Armour Emporium.
  3483 | D:4      | Found Peniuwul's Book Emporium.
  3486 | D:4      | Found Maimuur's Magic Scroll Emporium.
  3489 | D:4      | Bought a potion of heal wounds for 70 gold pieces
  3503 | D:4      | Noticed a two-headed ogre
  3542 | D:4      | Reached XP level 6. HP: 43/51 MP: 5/5
  3632 | D:4      | Noticed a water moccasin
  3644 | D:4      | Succumbed to a water moccasin's poison

Illustrated notes

Levels and vault maps discovered:
D:1:      lightli_arrival_lavapool, layout_basic,
          shapermc_ecumenical_altar_venn, minmay_cut_off
D:2:      layout_loops_ring, grunt_ministairs_15, minmay_misc_feat_secret_circle
D:3:      layout_rooms, serial_shops, nicolae_shop_statue_plus,
          serial_bayou_pond_b
D:4:      layout_basic, mainiacjoe_overflow_small_starburst,
          minmay_splitting_lines, minmay_shop_grid_forest,
          minmay_manual_monolith

Skill      XL: |  1  2  3  4  5 |
---------------+----------------+-----
Long Blades    | 4 5 6 7 |  7.5
Armour         | 1 |  1.6
Fighting       | 3 |  3.1
Throwing       | |  2.0
Dodging        | |  3.3
Invocations    | |  0.8

Action                   |  1- 3 |  4- 6 || total
-------------------------+-------+-------++-------
Melee: Long sword        |    97 |    83 ||   180
       Headbutt          |    16 |     6 ||    22
Throw: Throwing net      |       |     2 ||     2
  Use: Scroll            |    11 |       ||    11
       Potion            |     3 |     2 ||     5
Armor: Ring mail         |    45 |       ||    45
       Leather armour    |     3 |       ||     3
       Chain mail        |     7 |    46 ||    53
Dodge: Dodged            |    63 |    33 ||    96
       Rpst.: Long sword |    11 |    10 ||    21
